 Dungeon Crawl Stone Soup version 0.26-a0-778-g3fe0686644 (webtiles) character file.

Game seed: 12457801265247111350

39 reriks the Cudgeler (level 3, -1/36 HPs)
             Began as a Troll Monk on Nov 11, 2020.
             Slain by an adder (4 damage)
             ... on level 1 of the Dungeon.
             The game lasted 00:00:59 (807 turns).

reriks the Cudgeler (Troll Monk)                     Turns: 807, Time: 00:01:00

Health: -1/36      AC:  6    Str: 20    XL:     3   Next: 28%
Magic:  2/2        EV: 10    Int:  6    God:
Gold:   44         SH:  0    Dex: 12    Spells: 2/2 levels left

rFire    . . .     SeeInvis .   a - +0 mace
rCold    . . .     Faith    .   (no shield)
rNeg     . . .     Spirit   .   b - +0 robe
rPois    .         Reflect  .   (helmet restricted)
rElec    .         Harm     .   (no cloak)
rCorr    .         Rampage  .   (gloves unavailable)
MR       .....                  (boots unavailable)
Stlth    ++........             (no amulet)
HPRegen  0.52/turn              (no ring)
MPRegen  0.08/turn              (no ring)

@: lethally poisoned (-1 -> -2)
A: large, unfitting armour, claws 3, regeneration 1, shaggy fur 1, tough skin 3
a: no special abilities


You were on level 1 of the Dungeon.
You visited 1 branch of the dungeon, and saw 2 of its levels.

You collected 44 gold pieces.

Inventory:

Hand Weapons
 a - a +0 mace (weapon)
Armour
 b - a +0 robe (worn)
Scrolls
 c - a scroll of amnesia {unknown}
 f - a scroll of fear {unknown}
 g - a scroll of identify {unknown}
Potions
 d - a potion of haste {unknown}
 e - a potion of mutation {unknown}


   Skills:
 + Level 2.7 Fighting
 + Level 3.0 Maces & Flails
 + Level 0.9 Armour
 + Level 2.7 Dodging
 - Level 1.2 Stealth


You had 2 spell levels left.
You didn't know any spells.
Your spell library was empty.

Dungeon Overview and Level Annotations

Branches:
Dungeon (2/15)

Altars:


Innate Abilities, Weirdness & Mutations

You are too large for most types of armour.
You have claws for hands.
Your natural rate of healing is unusually fast.
You are covered in fur. (AC +1)
You have extremely tough skin. (AC +3)


Message History

You feel sick. The adder bites you but does no damage.
The giant cockroach bites you but does no damage.
The adder bites you but does no damage.
The giant cockroach bites you but does no damage.
You barely miss the adder.
The adder is heavily wounded.
You feel sick. The adder bites you.
* * * LOW HITPOINT WARNING * * *
The giant cockroach misses you. The adder bites you.
* * * LOW HITPOINT WARNING * * *
You barely miss the adder.
The adder is heavily wounded.
You feel sick.
The giant cockroach bites you but does no damage.
The adder barely misses you.
The giant cockroach bites you but does no damage.
You barely miss the adder.
The adder is heavily wounded.
The adder bites you.
You die...

##)######....######.##
#.# #.#### #.# #.# #.#
#.# #.# #.# #######.##
#.# #.# #......... #.#
#.# #.##.##.## #.# #.#
#.##.##.##
#.######.###.##.##...
#..S@B.(.....##.#####
########........#
##########


You could see an adder and a giant cockroach.

Vanquished Creatures
  An ooze (D:1)
  3 leopard geckos (D:1)
  3 bats (D:1)
  A giant cockroach (D:1)
  4 goblins (D:1)
  3 hobgoblins (D:1)
  8 jackals (D:1)
  2 frilled lizards (D:1)
  2 kobolds (D:1)
  3 rats (D:1)
30 creatures vanquished.

Notes
Turn   | Place    | Note
-------+----------+-------------------------------------------
     0 | D:1      | reriks the Troll Monk began the quest for the Orb.
     0 | D:1      | Reached XP level 1. HP: 22/22 MP: 0/0
    96 | D:1      | Reached XP level 2. HP: 29/29 MP: 1/1
   502 | D:1      | Reached skill level 3 in Maces & Flails
   502 | D:1      | Reached XP level 3. HP: 34/36 MP: 2/2
   807 | D:1      | Slain by an adder

Illustrated notes

Levels and vault maps discovered:
D:1:      dpeg_arrival_round_a, layout_loops_ring
D:2:      layout_rooms, lemuel_round_altar

Skill      XL: |  1  2 |
---------------+-------+-----
Maces & Flails | 3 |  3.0
Fighting       | |  2.7
Armour         | |  0.9
Dodging        | |  2.7
Stealth        | |  1.2

Action                   || total
-------------------------++-------
Melee: Mace              ||   113
 Stab: Sleeping          ||     3
Armor: Robe              ||    63
Dodge: Dodged            ||    82

Table legend: (Time is in decaauts)
 A = Elapsed time spent in this place.
 B = Non-inter-level travel time spent in this place.
 C = Inter-level travel time spent in this place.
 D = Time resting spent in this place.
 E = Time spent auto-exploring this place.
 F = Levels seen in this place.
 G = Mean time per level.
                   A        B        C        D        E       F      G
               +--------+--------+--------+--------+--------+-----+--------+
         Total |    836 |    790 |     46 |     13 |    545 |   2 |  418.0 |
       Dungeon |    836 |    790 |     46 |     13 |    545 |   2 |  418.0 |
               +--------+--------+--------+--------+--------+-----+--------+

Top non-repeatable levels by time:
     D:1: 828 daAuts
     D:2: 7 daAuts
